 Dungeon Crawl Stone Soup version 0.31-a0-1300-gb6740aa4e6 (webtiles) character file.

Game seed: 15157643915889437781

5362 voltaire321 the Thaumaturge (level 10, -5/59 HPs)
             Began as a Deep Elf Ice Elementalist on Dec 19, 2023.
             Slain by Erolcha
             ... wielding a +0 giant club
              (24 damage)
             ... on level 9 of the Dungeon.
             The game lasted 00:28:49 (7774 turns).

voltaire321 the Thaumaturge (DEIE)                  Turns: 7774, Time: 00:28:49

Health: -5/59      AC: 16    Str:  7    XL:     10   Next: 39%
Magic:  18/24      EV: 15    Int: 23    God:
Gold:   449        SH:  0    Dex: 15    Spells: 12/25 levels left

rFire   . . .        d - +6 flail (venom)
rCold   + . .        (no shield)
rNeg    . . .        g - +1 robe {rC+}
rPois   .            q - +0 helmet
rElec   .            (no cloak)
rCorr   .            (no gloves)
SInv    .            o - +2 pair of boots
Will    +....        i - amulet of regeneration
Stlth   ++++         n - ring of wizardry
HPRegen 1.09/turn    (no ring)
MPRegen 0.19/turn

%: wizardry (x1)
@: ice-armoured, freezing walls
A: no striking features
a: no special abilities


You were on level 9 of the Dungeon.
You visited 2 branches of the dungeon, and saw 10 of its levels.

You collected 509 gold pieces.
You spent 60 gold pieces at shops.

Inventory:

Hand Weapons
 d - a +6 flail of venom (weapon)
 p - a +3 dagger of flaming
Missiles
 c - 2 throwing nets
 v - 5 curare-tipped darts
Armour
 g - a +1 robe of cold resistance (worn)
 o - a +2 pair of boots (worn)
 q - a +0 helmet (worn)
Jewellery
 i - an amulet of regeneration (around neck)
 n - a ring of wizardry (left hand)
 u - the amulet of Elemental Vulnerability {rPois rF-- rC-- AC+8}
   (You found it on level 9 of the Dungeon)

   [amulet of nothing]

   AC+8:      It affects your AC (+8).
   rF--:      It makes you very vulnerable to fire.
   rC--:      It makes you very vulnerable to cold.
   rPois:     It protects you from poison
Wands
 B - a wand of iceblast (12)
Scrolls
 a - a scroll of revelation
 e - a scroll of torment {unknown}
 j - 3 scrolls of poison
 k - a scroll of enchant weapon
 m - 4 scrolls of vulnerability
 r - 4 scrolls of identify
 s - a scroll of fog {unknown}
 t - 2 scrolls of teleportation {unknown}
Potions
 b - 2 potions of magic
 f - 2 potions of haste
 h - a potion of might
 l - 2 potions of lignification {unknown}
 w - a potion of heal wounds
 x - a potion of mutation


   Skills:
 + Level 5.0 Fighting
 - Level 5.0 Armour
 + Level 7.5 Dodging
 + Level 8.2 Stealth
 + Level 8.2 Spellcasting
 + Level 5.3 Summonings
 + Level 7.8 Ice Magic


You had 12 spell levels left.
You knew the following spells:

 Your Spells              Type           Power      Damage    Failure   Level
a - Freeze                Ice            100%       1d10      1%          1
b - Frozen Ramparts       Ice            90%        1d14      1%          3
c - Ozocubu's Armour      Ice            45%        N/A       1%          3
d - Summon Ice Beast      Ice/Summ       39%        N/A       1%          4
e - Passwall              Tmut/Erth      7%         N/A       4%          2

Your spell library contained the following spells:

 Spells                   Type           Power      Damage    Failure   Level
 Summon Small Mammal      Summ           100%       N/A       1%          1
 Ensorcelled Hibernation  Hex/Ice        54%        N/A       1%          2
 Call Canine Familiar     Summ           33%        N/A       1%          3
 Summon Guardian Golem    Hex/Summ       21%        N/A       2%          3
 Sublimation of Blood     Necr           9%         N/A       4%          2
 Wereblood                Tmut           9%         N/A       4%          2
 Swiftness                Air            9%         N/A       9%          3
 Summon Mana Viper        Hex/Summ       21%        N/A       26%         5
 Monstrous Menagerie      Summ           16%        N/A       92%         7
 Summon Hydra             Summ           16%        N/A       92%         7


Dungeon Overview and Level Annotations

Branches:
Dungeon (9/15)             Temple (1/1) D:5
   Lair: D:8-11         Orc: D:9-12

Altars:
Ashenzari
Cheibriados
Dithmenos
Elyvilon
Fedhas
Hepliaklqana
Kikubaaqudgha
Makhleb
Okawaru
Qazlal
Ru
Sif Muna
Trog
Uskayaw
Wu Jian
Xom
Yredelemnul
Zin
The Shining One
Jiyva

Shops:
D:2 [   D:3 =   D:6 !:   D:7 [:[*

Portals:
Abyss: D:3

Annotations:
D:3 2 transporters, SecretSquirrel's ghost, amateur TeAE
D:5 3 runed translucent doors, Iich's ghost, amateur DsFi
D:9 Erolcha


Message History

The centaur is almost dead.
You kill the centaur!
Training target 5.0 for Armour reached!
Your Armour skill increases to level 5!
A shadow and a killer bee come into view.
You see here 6 stones.
You see here 13 gold pieces.
You now have 449 gold pieces (gained 13).
Found a stone staircase leading up.
Found an escape hatch in the floor.
A howler monkey comes into view.
The howler monkey misses you.
You sock the howler monkey!
The howler monkey is poisoned.
The howler monkey is heavily wounded.
The howler monkey closely misses you. The howler monkey hits you.
You barely miss the howler monkey.
The howler monkey is heavily wounded.
The howler monkey hoots and howls with incredible vigour!
You hear a shout!
You sock the howler monkey!
You kill the howler monkey!
Your Fighting skill increases to level 5!
There is an escape hatch in the floor here.
Erolcha the Cunning comes into view.
She is wielding a +0 giant club.
Casting: Ozocubu's Armour (safe; 1% risk of failure)
Confirm with . or Enter, or press ? or * to list all spells.
Casting: Frozen Ramparts (safe; 1% risk of failure)
Press: ? - help, Dir - look around, f - activate The walls around you are covered in ice.
Erolcha shouts!
A wraith comes into view.
The wall freezes Erolcha!
Erolcha hits you with a +0 giant club!!!
Ouch! That really hurt!
Casting: Frozen Ramparts (safe; 1% risk of failure)
Confirm with . or Enter, or press ? or * to list all spells.
A film of ice covers your body!
The wall freezes Erolcha but does no damage.
Erolcha hits you with a +0 giant club!!
You die...

######### ...<....#
.###.###.....#########
.W....O@.............###
.#######.....#######....
#.....# ##### #.....# #
###.....# #..>....# #
#.....### # #.....# #
#.....# #


You could see Erolcha and a wraith.

Vanquished Creatures
  Jeremiah (D:7)
  5 yaks (D:8)
  Grum (D:8)
  A steam dragon (D:8)
  Edmund (D:5)
  Menkaure (D:4)
  An orc warrior (D:8)
  3 ice beasts
  5 black bears
  A sky beast (D:3)
  2 centaurs
  4 wolves (D:8)
  2 ogres (D:5)
  A kobold brigand (D:6)
  Blork the orc (D:5)
  5 bullfrogs
  2 gnoll sergeants (D:6)
  A scorpion (D:6)
  5 wights (D:7)
  A howler monkey (D:9)
  An electric eel (D:7)
  A lava snake (D:7)
  8 jellies
  2 gnoll boudas (D:6)
  An orc priest (D:7)
  8 hounds
  5 iguanas
  6 orc wizards
  Robin (D:3)
  20 gnolls
  3 adders
  3 white imps
  4 worms
  2 dart slugs
  27 orcs
  15 endoplasms
  5 giant cockroaches
  17 goblins
  6 hobgoblins
  6 jackals
  7 kobolds
  3 quokkas (D:3)
  6 ball pythons (D:1)
  6 bats
  5 frilled lizards
  4 rats
216 creatures vanquished.

Notes
Turn   | Place    | Note
-------+----------+-------------------------------------------
     0 | D:1      | voltaire321 the Deep Elf Ice Elementalist began the quest
                  | for the Orb.
     0 | D:1      | Reached XP level 1. HP: 10/10 MP: 6/6
    70 | D:1      | Found a large runed translucent door.
    70 | D:1      | Found a large runed translucent door.
    71 | D:1      | Noticed a jelly
    72 | D:1      | Found a viscous altar of Jiyva.
    75 | D:1      | Noticed a jelly
    76 | D:1      | Noticed a jelly
    82 | D:1      | Noticed a jelly
   309 | D:1      | Reached XP level 2. HP: 15/15 MP: 6/8
   999 | D:2      | Reached XP level 3. HP: 20/20 MP: 7/9
  1065 | D:2      | Found Ofaripp's Antique Armour Boutique.
  1073 | D:2      | Reached skill level 1 in Armour
  1400 | D:2      | Found a faded altar of an unknown god.
  1583 | D:2      | Learned a level 3 spell: Frozen Ramparts
  1587 | D:2      | Learned a level 3 spell: Ozocubu's Armour
  1613 | D:3      | Reached skill level 1 in Fighting
  1617 | D:3      | Noticed Robin
  1627 | D:3      | Killed Robin
  1628 | D:3      | Reached XP level 4. HP: 24/25 MP: 3/11
  1762 | D:3      | Found a stormy altar of Qazlal.
  1762 | D:3      | Noticed a sky beast
  1840 | D:3      | Found a transporter.
  1949 | D:3      | Reached XP level 5. HP: 22/29 MP: 6/12
  2041 | D:3      | Noticed SecretSquirrel's ghost (amateur TeAE)
  2093 | D:3      | Found a one-way gate to the infinite horrors of the Abyss.
  2097 | D:3      | Found a transporter.
  2222 | D:3      | Killed a sky beast
  2223 | D:3      | Reached skill level 5 in Ice Magic
  2463 | D:3      | Found Lioh Kiv's Jewellery Boutique.
  2604 | D:3      | Noticed a black bear
  2615 | D:3      | Killed a black bear
  2616 | D:3      | Reached XP level 6. HP: 35/35 MP: 5/14
  2971 | D:4      | Found a blossoming altar of Fedhas.
  3114 | D:4      | Noticed Menkaure
  3127 | D:4      | Killed Menkaure
  3128 | D:4      | Reached XP level 7. HP: 11/40 MP: 12/16
  3436 | D:5      | Entered Level 5 of the Dungeon
  3613 | D:5      | Reached skill level 5 in Spellcasting
  3680 | D:5      | Learned a level 4 spell: Summon Ice Beast
  3706 | D:5      | Reached skill level 5 in Stealth
  3941 | D:5      | Found a staircase to the Ecumenical Temple.
  3950 | Temple   | Entered the Ecumenical Temple
  4220 | D:1      | Reached skill level 1 in Summonings
  4596 | D:5      | Noticed Edmund
  4618 | D:5      | Reached skill level 5 in Dodging
  4618 | D:5      | Reached XP level 8. HP: 39/45 MP: 9/18
  4620 | D:5      | Killed Edmund
  5075 | D:5      | Noticed Blork the orc
  5082 | D:5      | Killed Blork the orc
  5159 | D:5      | Found a runed translucent gate.
  5159 | D:5      | Found a runed translucent gate.
  5159 | D:5      | Found a runed translucent gate.
  5160 | D:5      | Noticed Iich's ghost (amateur DsFi)
  5780 | D:6      | Found Peqawef's Distillery.
  5786 | D:6      | Bought a potion of heal wounds for 60 gold pieces
  5836 | D:6      | Reached XP level 9. HP: 41/51 MP: 18/20
  6020 | D:6      | Found Okhinnah's Book Emporium.
  6039 | D:6      | Found a sacrificial altar of Ru.
  6380 | D:7      | Found Muet's Book Emporium.
  6381 | D:7      | Noticed Jeremiah
  6405 | D:7      | Killed Jeremiah
  6562 | D:7      | Found an ancient bone altar of Kikubaaqudgha.
  6579 | D:7      | Found a hazy altar of Hepliaklqana.
  6590 | D:7      | Found a basalt altar of Yredelemnul.
  6597 | D:7      | Found an ornate altar of the Wu Jian Council.
  6602 | D:7      | Found a glowing silver altar of Zin.
  6609 | D:7      | Found an iron altar of Okawaru.
  6615 | D:7      | Found a hide-covered altar of Uskayaw.
  6633 | D:7      | Found Seitax's Armour Shoppe.
  6711 | D:7      | Found Ipniz's General Store.
  6754 | D:7      | Found Voilut's Antique Armour Boutique.
  7049 | D:8      | Noticed Grum
  7059 | D:8      | Killed Grum
  7060 | D:8      | Reached XP level 10. HP: 44/58 MP: 12/23
  7276 | D:8      | Reached skill level 5 in Summonings
  7645 | D:9      | Learned a level 2 spell: Passwall
  7668 | D:9      | Found the amulet of Elemental Vulnerability {rPois rF--
                  | rC-- AC+8}
  7728 | D:9      | Reached skill level 5 in Armour
  7764 | D:9      | Reached skill level 5 in Fighting
  7771 | D:9      | Noticed Erolcha
  7774 | D:9      | Slain by Erolcha

Illustrated notes

Levels and vault maps discovered:
D:1:      erik_arrival_cave_to_civilisation [erik_arrival_cave_to_temple],
          layout_rooms, kennysheep_pointless_box, minivault_26
D:2:      layout_rooms, chequers_ecumenical_altar_twisty, serial_shops, shop,
          minmay_misc_feat_more_columns, hangedman_decor_clover_reticule,
          hangedman_decor_slide_cut
D:3:      layout_loops_ring, nicolae_qazlal_beasts_of_the_sky,
          gammafunk_ghost_abyssal_escape, serial_shops,
          nicolae_shop_window_shopping, kennysheep_generic_room_7, uniq_robin
D:4:      layout_rooms, mainiacjoe_overflow_concentric_impassable, uniq_menkaure
D:5:      layout_loops_cross, minmay_temple_entry_junction,
          ebering_ghost_rock_garden, uniq_edmund, uniq_blork_the_orc
D:6:      layout_cave_pools, kennysheep_mini, serial_gnoll_camp,
          gnoll_camp_mini_hut, gnoll_camp_mini_basic, gnoll_camp_medium_01,
          gnoll_camp_mini_house, gnoll_camp_mini_shop, serial_shops,
          nicolae_shop_industrial_runoff, lexackson_kobold_supper
D:7:      layout_basic, grunt_temple_overflow_octagram, serial_shops,
          nicolae_shop_gibbet_a_chance, shop, shop, shop, st_stairs_12,
          nicolae_lava_and_water, minivault_1, uniq_jeremiah
D:8:      layout_loops_ring, minmay_tree_intersection, uniq_grum
D:9:      layout_basic, fountainhead, uniq_erolcha
Temple:   dpeg_three_leaves_temple

Skill      XL: |  1  2  3  4  5  6  7  8  9 10 |
---------------+-------------------------------+-----
Stealth        | 3 4 5 6 7 8 |  8.2
Armour         | 1 2 3 4 5 |  5.0
Dodging        | 3 4 5 7 |  7.5
Fighting       | 1 2 3 4 5 |  5.0
Spellcasting   | 4 5 6 7 8 |  8.2
Ice Magic      | 5 6 7 |  7.8
Summonings     | 1 3 4 5 |  5.3

Action                     |  1- 3 |  4- 6 |  7- 9 | 10-12 || total
---------------------------+-------+-------+-------+-------++-------
  Melee: Hand axe          |     4 |       |       |       ||     4
         Dagger            |     9 |    65 |    51 |       ||   125
         Spear             |     5 |       |       |       ||     5
         Mace              |       |     3 |     2 |       ||     5
         Punch             |       |       |     4 |       ||     4
         Flail             |       |       |   181 |    39 ||   220
   Cast: Freeze            |    64 |    34 |    11 |       ||   109
         Frozen Ramparts   |       |     5 |    36 |     5 ||    46
         Ozocubu's Armour  |       |     5 |    16 |     3 ||    24
    Use: Scroll            |       |       |    15 |       ||    15
         Potion            |       |       |     2 |       ||     2
   Stab: Sleeping          |     2 |       |    10 |     4 ||    16
         Distracted        |       |       |     2 |       ||     2
 Armour: Robe              |    25 |    49 |   197 |    30 ||   301
  Dodge: Dodged            |    46 |    44 |   201 |    34 ||   325

Table legend: (Time is in decaauts)
 A = Elapsed time spent in this place.
 B = Non-inter-level travel time spent in this place.
 C = Inter-level travel time spent in this place.
 D = Time resting spent in this place.
 E = Time spent auto-exploring this place.
 F = Levels seen in this place.
 G = Mean time per level.
                   A        B        C        D        E       F      G
               +--------+--------+--------+--------+--------+-----+--------+
         Total |   7857 |   7480 |    377 |   1273 |   4083 |  10 |  785.7 |
       Dungeon |   7851 |   7474 |    377 |   1273 |   4083 |   9 |  872.3 |
        Temple |      5 |      5 |      0 |      0 |      0 |   1 |    5.0 |
               +--------+--------+--------+--------+--------+-----+--------+

Top non-repeatable levels by time:
     D:5: 1551 daAuts
     D:3: 1257 daAuts
     D:1: 1111 daAuts
     D:6: 880 daAuts
     D:2: 843 daAuts
     D:7: 742 daAuts
     D:4: 667 daAuts
     D:8: 661 daAuts
     D:9: 135 daAuts
  Temple: 5 daAuts
